 Dungeon Crawl Stone Soup version 0.23-a0-650-ga4d50d4 (webtiles) character file.

210 JimmyWheeler the Sneak (level 5, -1/36 HPs)
             Began as a Vampire Enchanter on Jan 3, 2019.
             Slain by Pikel
             ... wielding a +0 whip of electrocution
              (19 damage)
             ... on level 4 of the Dungeon on Jan 4, 2019.
             The game lasted 00:31:25 (4452 turns).

JimmyWheeler the Sneak (Vampire Enchanter)          Turns: 4452, Time: 00:31:27

Health: -1/36      AC:  9    Str:  7    XL:     5   Next: 57%
Magic:  1/8        EV: 13    Int: 19    God:
Gold:   199        SH:  0    Dex: 14    Spells: 2/8 levels left

rFire    . . .     SeeInvis +   v - +3 dagger (protect)
rCold    + . .     Gourm    .   (no shield)
rNeg     + + .     Faith    .   b - +0 robe
rPois    +         Spirit   .   (no helmet)
rElec    .         Reflect  .   (no cloak)
rCorr    .         Harm     .   (no gloves)
MR       .....                  (no boots)
Stlth    ++++......             (no amulet)
HPRegen  0.06/turn              (no ring)
MPRegen  0.11/turn              (no ring)

@: protection aura, regenerating slowly
A: fangs 3, see invisible, unbreathing
a: Bat Form


You were on level 4 of the Dungeon.
You were very thirsty.

You visited 1 branch of the dungeon, and saw 4 of its levels.

You collected 199 gold pieces.

Inventory:

Hand Weapons
 a - a +1 dagger
 v - a +3 dagger of protection (weapon)
Missiles
 c - 158 stones (quivered)
Armour
 b - a +0 robe (worn)
 g - a +0 helmet
Wands
 n - a wand of digging (5)
 q - a wand of random effects (22)
 u - a wand of polymorph (6)
Scrolls
 e - a scroll of teleportation {unknown}
 f - a scroll of remove curse {unknown}
 i - 2 scrolls of magic mapping
 j - 6 scrolls of identify
 m - a scroll of fear {unknown}
 o - a scroll of noise {unknown}
 r - 2 scrolls of enchant armour {unknown}
 t - a scroll of fog {unknown}
Potions
 d - 11 potions of blood
 h - 4 potions of curing
 l - 3 potions of ambrosia {unknown}
 p - a potion of might {unknown}
 s - a potion of magic {unknown}


   Skills:
 + Level 0.7 Fighting
 * Level 3.3 Short Blades
 - Level 0.8 Armour
 + Level 3.1 Dodging
 + Level 5.4 Stealth
 + Level 2.1 Spellcasting
 + Level 5.3 Hexes
 - Level 1.8 Ice Magic


You had 2 spell levels left.
You knew the following spells:

 Your Spells              Type           Power        Failure   Level  Hunger
a - Corona                Hex            ###....      1%          1    #......
b - Ensorcelled Hibernat  Hex/Ice        ###...       6%          2    ##.....
c - Confuse               Hex            ###.....     5%          3    ###....

Your spell library contained the following spells:

 Spells                   Type           Power        Failure   Level  Hunger
 Tukima's Dance           Hex            ###.....     5%          3    ###....
 Dazzling Spray           Conj/Hex       ##....       17%         3    ###....


Dungeon Overview and Level Annotations

Branches:
Dungeon (4/15)
 Temple: D:4-7

Altars:

Annotations:
D:4 Pikel


Innate Abilities, Weirdness & Mutations

You heal slowly.
You have razor-sharp teeth.
You have supernaturally acute eyesight. (SInv)
You can survive without breathing.


Message History

Pikel appears confused.
Pikel drinks a potion.
Pikel is healed!
You hit Pikel.
Pikel is heavily wounded.
Pikel barely misses you.
You catch the helpless Pikel completely off-guard!
You bite Pikel, and draw his blood!
You feel slightly less thirsty.
You puncture Pikel!
Pikel is almost dead.
Pikel hits you with a +0 whip of electrocution.
You are electrocuted!
You hit Pikel but do no damage.
Pikel is almost dead.
Pikel closely misses the slave.
You hit Pikel but do no damage.
Pikel is almost dead.
Pikel gestures wildly.
Pikel hits you with a +0 whip of electrocution.
You are electrocuted!
Ouch! That really hurt!
You die...

##.....<......
#.............
#...p.........
##.............
#(.......###...
#...$p..## #..
#####....# ..
#####p.....###
#
####..@Kpp...##
#.....#####..#
#..#### #..# #.
#...# #.....
##..#.. .....


You could see Pikel (confused) and 3 slaves.

Vanquished Creatures
  An orc priest (D:3)
  An orc wizard (D:3)
  A hound zombie (D:2)
  5 adders
  3 worms
  2 dart slugs
  6 orcs (D:3)
  2 ball pythons
  3 giant cockroaches
  9 goblins
  9 hobgoblins
  6 jackals (D:2)
  8 kobolds
  3 quokkas (D:3)
  4 bats
  3 frilled lizards
  7 rats
73 creatures vanquished.

Vanquished Creatures (others)
  A giant cockroach (D:3)
1 creature vanquished.

Grand Total: 74 creatures vanquished

Notes
Turn   | Place    | Note
-------+----------+-------------------------------------------
     0 | D:1      | JimmyWheeler the Vampire Enchanter began the quest for the
                  | Orb.
     0 | D:1      | Reached XP level 1. HP: 13/13 MP: 3/3
   710 | D:1      | Reached XP level 2. HP: 19/19 MP: 5/5
   810 | D:1      | Learned a level 2 spell: Ensorcelled Hibernation
  1449 | D:2      | Reached XP level 3. HP: 24/24 MP: 6/6
  1544 | D:2      | Reached skill level 1 in Ice Magic
  1828 | D:2      | Reached skill level 5 in Stealth
  1828 | D:2      | Reached skill level 5 in Hexes
  1828 | D:2      | Reached XP level 4. HP: 15/30 MP: 3/7
  2227 | D:2      | Learned a level 3 spell: Confuse
  3447 | D:3      | Reached XP level 5. HP: 29/36 MP: 0/8
  4430 | D:4      | Noticed Pikel
  4430 | D:4      | Noticed a slave
  4430 | D:4      | Noticed a slave
  4430 | D:4      | Noticed a slave
  4430 | D:4      | Noticed a slave
  4452 | D:4      | Slain by Pikel

Vault maps used:
D:1:      minmay_arrival_wavy_path
D:3:      st_stairs_5, corexii_leaking_fountain, minmay_misc_feat_plants,
          dk_vineyard_2
D:4:      dancing_weapons_uskayaw, first_ration, serial_shops,
          kennysheep_little_box, corexii_corridor_pit, roderic_serpentine_path,
          nemelex_dance_club_becter, uniq_pikel, uniq_robin

Skill      XL: |  1  2  3  4  5 |
---------------+----------------+-----
Short Blades   | 2 3 |  3.3
Ice Magic      | 1 |  1.8
Stealth        | 5 |  5.4
Hexes          | 5 |  5.3
Dodging        | 3 |  3.1
Fighting       | |  0.7
Armour         | |  0.8
Spellcasting   | |  2.1

Action                   |  1- 3 |  4- 6 || total
-------------------------+-------+-------++-------
Melee: Dagger            |    79 |   165 ||   244
       Bite              |     7 |     3 ||    10
 Cast: Corona            |    17 |    24 ||    41
       Ensorcelled Hiber |     4 |    20 ||    24
       Confuse           |       |     4 ||     4
 Abil: End Transformatio |       |     2 ||     2
       Bat Form          |       |     2 ||     2
  Use: Scroll            |     1 |     2 ||     3
       Potion            |     1 |     6 ||     7
 Stab: Sleeping          |    18 |    17 ||    35
       Confused          |       |     2 ||     2
Armor: Robe              |    17 |    14 ||    31
Dodge: Dodged            |    26 |    98 ||   124

Table legend:
 A = Non-vault XP
 B = Vault XP
 C = Vault XP percentage of total XP
 D = Non-vault monster count
 E = Vault monster count
 F = Vault count percentage of total count
                 A         B        C        D         E       F
            +---------+---------+-------+---------+---------+-------
      Total |     298 |       3 |   1.0 |      72 |       2 |   2.7
            +---------+---------+-------+---------+---------+-------
        D:1 |      31 |       0 |   0.0 |      17 |       0 |   0.0
        D:2 |     105 |       0 |   0.0 |      28 |       0 |   0.0
        D:3 |     162 |       3 |   1.8 |      27 |       2 |   6.9
            +---------+---------+-------+---------+---------+-------
